 Dungeon Crawl Stone Soup version 0.27-a0-40-g5f2be0e231 (webtiles) character file.

Game seed: 11026417111309736681

1109 Borgoz the Cutter (level 8, -2/54 HPs)
             Began as a Halfling Gladiator on Jan 6, 2021.
             Slain by Maggie
             ... wielding a +2 scimitar of flaming
              (6 damage)
             ... on level 7 of the Dungeon.
             The game lasted 00:07:39 (6622 turns).

Borgoz the Cutter (Halfling Gladiator)              Turns: 6622, Time: 00:07:39

Health: -2/54      AC: 10    Str: 16    XL:     8   Next: 59%
Magic:  8/8        EV: 16    Int:  6    God:
Gold:   126        SH:  0    Dex: 23    Spells: 7/7 levels left

rFire    . . .     SeeInvis .   a - +0 rapier
rCold    . . .     Faith    .   (shield restricted)
rNeg     . . .     Spirit   .   y - +0 scale mail "Feepsohi" {Will+ Regen+} (curse)
rPois    .         Reflect  .   s - +0 helmet (curse)
rElec    .         Harm     .   (no cloak)
rCorr    .         Rampage  .   g - +1 pair of gloves
Will     +....                  (no boots)
Stlth    ++........             k - amulet of regeneration
HPRegen  0.98/turn              j - +6 ring of dexterity
MPRegen  0.11/turn              (no ring)

@: mesmerised
A: small, mutation resistance 1
a: no special abilities


You were on level 7 of the Dungeon.
You visited 1 branch of the dungeon, and saw 7 of its levels.

You collected 315 gold pieces.
You spent 189 gold pieces at shops.

Inventory:

Hand Weapons
 a - a +0 rapier (weapon)
Armour
 g - a +1 pair of gloves (worn)
 s - a cursed +0 helmet (worn)
 y - the cursed +0 scale mail "Feepsohi" (worn) {Will+ Regen+}
   (You bought it in a shop on level 4 of the Dungeon)

   It affects your willpower, your defense against some magical effects.
   It increases your rate of regeneration.
   It has a curse placed upon it.
Jewellery
 j - a +6 ring of dexterity (left hand)
 k - an amulet of regeneration (around neck)
 l - an uncursed ring of fire
 z - an uncursed amulet of faith {unknown}
Wands
 u - a wand of digging (5)
 A - a wand of flame (25)
Scrolls
 b - a scroll of enchant weapon {unknown}
 e - 2 scrolls of remove curse {unknown}
 i - 2 scrolls of teleportation {unknown}
 m - 2 scrolls of fog {unknown}
 n - 2 scrolls of blinking {unknown}
 p - 3 scrolls of enchant armour
 q - 3 scrolls of identify {unknown}
 x - a scroll of amnesia {unknown}
Potions
 c - a potion of berserk rage {unknown}
 h - 2 potions of cancellation {unknown}
 o - a potion of heal wounds
 r - 2 potions of degeneration {unknown}
 t - 2 potions of brilliance {unknown}
 v - 2 potions of might {unknown}
 w - a potion of flight {unknown}
 B - a potion of magic {unknown}


   Skills:
 + Level 4.2 Fighting
 + Level 6.3 Short Blades
 - Level 2.0 Throwing
 + Level 4.4 Armour
 + Level 5.7 Dodging
 + Level 4.6 Stealth


You had 7 spell levels left.
You didn't know any spells.
Your spell library contained the following spells:

 Spells                   Type           Power        Failure   Level
 Beastly Appendage        Tmut           0%           86%         1
 Wereblood                Tmut           0%           94%         2
 Spider Form              Tmut/Pois      0%           99%         3
 Ice Form                 Ice/Tmut       0%           100%        4
 Blade Hands              Tmut           0%           100%        5


Dungeon Overview and Level Annotations

Branches:
Dungeon (7/15)
 Temple: D:4-7

Altars:
Ashenzari
Cheibriados
Dithmenos
Fedhas
Kikubaaqudgha
Qazlal
Ru
Sif Muna
Trog
Vehumet
Xom
Yredelemnul
Zin
The Shining One

Shops:
D:4 [

Annotations:
D:7 Maggie


Innate Abilities, Weirdness & Mutations

You are small and have problems with some larger weapons.
You are somewhat resistant to further mutation.


Message History

Maggie is almost dead.
You hit Maggie but do no damage.
Maggie is almost dead.
Maggie points at you and mumbles some strange words.
The bolt of fire hits you!
* * * LOW HITPOINT WARNING * * *
You hit Maggie but do no damage.
Maggie is almost dead.
Maggie hits you with a +2 scimitar of flaming!
* * * LOW HITPOINT WARNING * * *
Maggie burns you.
* * * LOW HITPOINT WARNING * * *
You hit Maggie but do no damage.
Maggie is almost dead.
Maggie gestures wildly while chanting.
Maggie draws you further into her thrall.
You closely miss Maggie.
Maggie is almost dead.
Maggie hits you with a +2 scimitar of flaming.
You die...

##...# ...
...>.#####...
.............
...........##+####
.................######
.......................
....†.†#..............
..................#
.....#._.#.$....@@#
...#..............#
####...#..........#
#..............#
######...#####.# #####
.# .# .#


You could see Maggie (mesmerising).

Vanquished Creatures
  Sigmund (D:4)
  A phantom (D:4)
  A black bear (D:6)
  An ogre (D:6)
  Blork the orc (D:4)
  A water moccasin zombie (D:5)
  A quasit (D:6)
  3 orc wizards
  An orc priest (D:6)
  A centaur skeleton (D:4)
  2 hounds (D:6)
  A bullfrog skeleton (D:6)
  An iguana (D:6)
  2 worker ants
  A worker ant zombie (D:5)
  7 gnolls
  5 adders
  An ufetubus (D:6)
  An adder zombie (D:6)
  2 worms
  A dart slug (D:4)
  5 leopard geckos
  19 orcs
  2 ball pythons
  4 goblins
  5 hobgoblins
  11 jackals
  A quokka (D:6)
  6 bats
  2 frilled lizards
  9 kobolds
  3 quokka zombies
  7 rats
110 creatures vanquished.

Vanquished Creatures (others)
  3 fungi (D:5)
  A plant (D:5)
4 creatures vanquished.

Grand Total: 114 creatures vanquished

Notes
Turn   | Place    | Note
-------+----------+-------------------------------------------
     0 | D:1      | Borgoz the Halfling Gladiator began the quest for the Orb.
     0 | D:1      | Reached XP level 1. HP: 14/14 MP: 1/1
   110 | D:1      | Reached XP level 2. HP: 18/19 MP: 2/2
   842 | D:1      | Found a broken altar of Ashenzari.
   983 | D:2      | Reached skill level 1 in Armour
  1307 | D:2      | Found a basalt altar of Yredelemnul.
  1346 | D:2      | Reached XP level 3. HP: 23/24 MP: 3/3
  1540 | D:2      | Found a shimmering altar of Xom.
  1551 | D:2      | Found a shadowy altar of Dithmenos.
  1638 | D:2      | Reached skill level 4 in Short Blades
  1648 | D:2      | Reached skill level 1 in Stealth
  1896 | D:2      | Reached XP level 4. HP: 25/29 MP: 4/4
  2044 | D:2      | You fall into a shaft and drop 1 floor!
  2601 | D:3      | Reached XP level 5. HP: 30/35 MP: 5/5
  3385 | D:3      | Found a shimmering blue altar of Sif Muna.
  3550 | D:4      | Found Han Atyts's Antique Armour Shop.
  3550 | D:4      | Noticed Sigmund
  3557 | D:4      | Noticed a phantom
  3618 | D:4      | Killed a phantom
  3619 | D:4      | Reached XP level 6. HP: 14/41 MP: 6/6
  3861 | D:4      | Noticed Blork the orc
  3870 | D:4      | Killed Blork the orc
  3871 | D:4      | Reached skill level 5 in Short Blades
  4092 | D:4      | Reached XP level 7. HP: 36/46 MP: 7/7
  4233 | D:4      | Found a sacrificial altar of Ru.
  4299 | D:4      | Killed Sigmund
  4394 | D:4      | Reached skill level 5 in Dodging
  4564 | D:5      | Entered Level 5 of the Dungeon
  4671 | D:5      | Found a stormy altar of Qazlal.
  4672 | D:5      | Found a blossoming altar of Fedhas.
  4804 | D:5      | Found a glowing golden altar of the Shining One.
  4981 | D:5      | Found a snail-covered altar of Cheibriados.
  5375 | D:6      | Reached XP level 8. HP: 42/54 MP: 8/8
  5604 | D:4      | Bought a glimmering scale mail for 189 gold pieces
  5614 | D:4      | Identified the cursed +0 scale mail "Feepsohi" {Will+
                  | Regen+} (You bought it in a shop on level 4 of the Dungeon)
  5668 | D:6      | Found a bloodstained altar of Trog.
  5721 | D:6      | Reached skill level 6 in Short Blades
  5882 | D:6      | Found a glowing silver altar of Zin.
  5895 | D:6      | Found an ancient bone altar of Kikubaaqudgha.
  6422 | D:7      | Found a radiant altar of Vehumet.
  6552 | D:7      | Noticed Maggie
  6620 | D:7      | HP: 2/54 [Maggie/+2 scimitar of flaming (1)]
  6622 | D:7      | Slain by Maggie

Illustrated notes

Levels and vault maps discovered:
D:1:      zelgadis_glass_arrival_small, layout_basic, kennysheep_flooded_box
D:2:      layout_loops_corners, nicolae_overflow_crystal_walls,
          amethyst_overflow_temple_binary
D:3:      cheibrodos_helix_gallery, layout_loops_ring, led_sif_book,
          serial_rivers, chequers_serial_rivers_micro_c,
          chequers_serial_rivers_micro_b, chequers_serial_rivers_micro_d,
          chequers_serial_rivers_small_b
D:4:      layout_basic, lemuel_round_altar, serial_shops, nicolae_shop_trees,
          uniq_blork_the_orc, uniq_sigmund
D:5:      layout_basic, grunt_temple_overflow_forces_of_nature,
          kennysheep_mini_moat, nicolae_tso_carved_into_rock
D:6:      layout_basic, kiku_gazebo_garden_becter, zin_academy, bloody_trog
D:7:      layout_basic, vehumet_crystals, overflow_temple_1_default,
          minmay_temple_entry_enclosed_plants, vehumet_altar_wand_db,
          uniq_maggie

Skill      XL: |  1  2  3  4  5  6  7  8 |
---------------+-------------------------+-----
Fighting       | 2 3 4 |  4.2
Armour         | 1 2 3 4 |  4.4
Short Blades   | 4 5 6 |  6.3
Stealth        | 1 2 3 4 |  4.6
Dodging        | 4 5 |  5.7
Throwing       | |  2.0

Action                   |  1- 3 |  4- 6 |  7- 9 || total
-------------------------+-------+-------+-------++-------
Melee: Rapier            |    79 |   168 |   311 ||   558
Throw: Throwing net      |     1 |       |     2 ||     3
  Use: Potion            |     3 |       |     3 ||     6
       Scroll            |       |       |     1 ||     1
 Stab: Sleeping          |     1 |     2 |     2 ||     5
       Distracted        |       |     1 |     3 ||     4
       Held in net/web   |       |       |     1 ||     1
Armor: Leather armour    |     9 |    37 |    32 ||    78
       Skin              |     6 |       |       ||     6
       Ring mail         |       |       |    21 ||    21
       Scale mail        |       |       |    17 ||    17
Dodge: Dodged            |    58 |   154 |   255 ||   467

Table legend: (Time is in decaauts)
 A = Elapsed time spent in this place.
 B = Non-inter-level travel time spent in this place.
 C = Inter-level travel time spent in this place.
 D = Time resting spent in this place.
 E = Time spent auto-exploring this place.
 F = Levels seen in this place.
 G = Mean time per level.
                   A        B        C        D        E       F      G
               +--------+--------+--------+--------+--------+-----+--------+
         Total |   6563 |   6234 |    329 |   1186 |   3924 |   7 |  937.6 |
       Dungeon |   6563 |   6234 |    329 |   1186 |   3924 |   7 |  937.6 |
               +--------+--------+--------+--------+--------+-----+--------+

Top non-repeatable levels by time:
     D:3: 1371 daAuts
     D:2: 1358 daAuts
     D:1: 985 daAuts
     D:5: 931 daAuts
     D:4: 875 daAuts
     D:6: 850 daAuts
     D:7: 190 daAuts
